 Dungeon Crawl Stone Soup version 0.27-a0-1325-g58a489ad9e (webtiles) character file.

Game seed: 13022809081921282713

404 Delamore the Poker (level 7, -2/56 HPs)
             Began as a Formicid Fighter on June 24, 2021.
             Slain by an ogre (19 damage)
             ... on level 4 of the Dungeon.
             The game lasted 00:03:11 (3495 turns).

Delamore the Poker (Formicid Fighter)               Turns: 3495, Time: 00:03:12

Health: -2/56      AC:  8    Str: 23    XL:     7   Next: 12%
Magic:  0/7        EV: 12    Int:  7    God:
Gold:   89         SH:  9    Dex: 10    Spells: 6/6 levels left

rFire    + . .     SeeInvis +   a - +0 trident
rCold    . . .     Faith    .   c - +0 kite shield
rNeg     . . .     Spirit   +   b - +0 scale mail
rPois    .         Reflect  .   (helmet unavailable)
rElec    .         Harm     .   (no cloak)
rCorr    .         Rampage  .   m - +0 pair of gloves
Will     .....                  (no boots)
Stlth    ..........             o - amulet of guardian spirit
HPRegen  0.18/turn              e - +4 ring of evasion
MPRegen  0.10/turn              k - ring of protection from fire

@: no status effects
A: permanent stasis, dig shafts and tunnels, antennae 3, four strong arms
a: Dig, Shaft Self


You were on level 4 of the Dungeon.
You visited 1 branch of the dungeon, and saw 4 of its levels.

You collected 89 gold pieces.

Inventory:

Hand Weapons
 a - a +0 trident (weapon)
 q - a +0 halberd
Missiles
 h - 2 boomerangs (quivered)
Armour
 b - a +0 scale mail (worn)
 c - a +0 kite shield (worn)
 m - a +0 pair of gloves (worn)
Jewellery
 e - a +4 ring of evasion (left hand)
 k - a ring of protection from fire (right hand)
 o - an amulet of guardian spirit (around neck)
 p - a +6 ring of strength
Scrolls
 n - 2 scrolls of identify
Potions
 d - a potion of might
 f - 6 potions of curing
 g - a potion of berserk rage
 i - a potion of haste {unknown}
 j - 2 potions of cancellation {unknown}
 l - a potion of mutation {unknown}


   Skills:
 - Level 5.0 Fighting
 * Level 6.2 Polearms
 - Level 3.2 Armour
 - Level 3.6 Shields


You had 6 spell levels left.
You didn't know any spells.
Your spell library was empty.

Dungeon Overview and Level Annotations

Branches:
Dungeon (4/15)
 Temple: D:4-7

Altars:

Shops:
D:2 [


Innate Abilities, Weirdness & Mutations

You cannot be hasted, slowed, berserked, paralysed or teleported.
You can dig through walls and to a lower floor.
You have a pair of large antennae on your head. (SInv)
Your four strong arms can wield two-handed weapons with a shield.


Message History

Found 29 stones.
Found a robe.
An ogre is nearby!
An ogre is nearby!
You throw a boomerang. The ogre shouts!
The boomerang hits the ogre.
The ogre is lightly wounded.
You throw a boomerang. The boomerang barely misses the ogre.
You hit the ogre.
The ogre is lightly wounded.
The ogre misses you.
You hit the ogre.
The ogre is moderately wounded.
The ogre hits you with a +0 giant club!
You closely miss the ogre.
The ogre is moderately wounded.
The ogre barely misses you.
You hit the ogre.
The ogre is moderately wounded.
The ogre hits you with a +0 giant club!
You puncture the ogre!
The ogre is heavily wounded.
The ogre hits you with a +0 giant club!
* * * LOW HITPOINT WARNING * * *
You are too injured to fight recklessly!
You are too injured to fight recklessly!
You are too injured to fight recklessly!
You are too injured to fight recklessly!
You are too injured to fight recklessly!
You are too injured to fight recklessly!
You are too injured to fight recklessly!
You are too injured to fight recklessly!
You are too injured to fight recklessly!
You hit the ogre.
The ogre is heavily wounded.
You closely miss the ogre.
The ogre is heavily wounded.
The ogre hits you with a +0 giant club!!
You die...

# #....). #..
###.#...# #### #.# {
.....<..#.#... #.# {
....#...#.#...##.#
.................##
....###.#.........
.....##.#.......[#
..............#O.##
....##..#.#...#.@.#
..#.##..#.#####..(#
..................#
######.######.##.####
#.......# #.......#
#.......# #.......#
#.......# #.#####.#
#.......# #..## .#
#.......# #...# #


You could see an ogre.

Vanquished Creatures
  2 ogres (D:4)
  2 hounds
  2 adders (D:2)
  9 gnolls
  A worm (D:2)
  4 dart slugs
  6 bats (D:1)
  8 endoplasms
  A giant cockroach (D:1)
  2 goblins
  6 hobgoblins
  6 jackals (D:3)
  2 quokkas
  8 ball pythons
  2 frilled lizards
  3 kobolds
  4 rats
68 creatures vanquished.

Notes
Turn   | Place    | Note
-------+----------+-------------------------------------------
     0 | D:1      | Delamore the Formicid Fighter began the quest for the Orb.
     0 | D:1      | Reached XP level 1. HP: 18/18 MP: 1/1
   233 | D:1      | Reached XP level 2. HP: 24/24 MP: 2/2
   337 | D:1      | Reached XP level 3. HP: 25/30 MP: 3/3
   452 | D:1      | Reached skill level 3 in Polearms
   705 | D:2      | Found Awim's Armour Shop.
   808 | D:2      | Reached XP level 4. HP: 37/37 MP: 4/4
   981 | D:2      | Found a faded altar of an unknown god.
  2443 | D:4      | Noticed an ogre
  2466 | D:3      | Reached skill level 4 in Polearms
  2547 | D:4      | Reached XP level 5. HP: 34/42 MP: 2/5
  3023 | D:4      | Noticed an ogre
  3033 | D:4      | Killed an ogre
  3034 | D:4      | Reached skill level 5 in Polearms
  3034 | D:4      | Reached XP level 6. HP: 50/50 MP: 6/6
  3035 | D:4      | Noticed an ogre
  3046 | D:4      | Killed an ogre
  3047 | D:4      | Reached skill level 5 in Fighting
  3123 | D:4      | Reached skill level 6 in Polearms
  3123 | D:4      | Reached XP level 7. HP: 18/56 MP: 3/7
  3495 | D:4      | Slain by an ogre

Illustrated notes

Levels and vault maps discovered:
D:1:      minmay_arrival_solitary_statue, layout_rooms
D:2:      layout_basic, serial_shops, shop,
          hellmonk_ecumenical_altar_slurped_away
D:3:      layout_basic
D:4:      layout_loops_cross, nicolae_overflow_hidden_temple,
          lemuel_round_altar, mrwooster_statue_mirror, cheibrodos_gnoll_hut

Skill      XL: |  1  2  3  4  5  6 |
---------------+-------------------+-----
Polearms       | 3 4 5 6 |  6.2
Fighting       | 4 5 |  5.0
Armour         | |  3.2
Shields        | |  3.6

Action                   |  1- 3 |  4- 6 |  7- 9 || total
-------------------------+-------+-------+-------++-------
Melee: Trident           |    88 |   127 |    26 ||   241
Throw: Boomerang         |       |     8 |     2 ||    10
  Use: Scroll            |     2 |     2 |       ||     4
Armor: Scale mail        |    31 |    34 |     8 ||    73
Dodge: Dodged            |    34 |    88 |    22 ||   144
Block: Kite shield       |    36 |    69 |    12 ||   117

Table legend: (Time is in decaauts)
 A = Elapsed time spent in this place.
 B = Non-inter-level travel time spent in this place.
 C = Inter-level travel time spent in this place.
 D = Time resting spent in this place.
 E = Time spent auto-exploring this place.
 F = Levels seen in this place.
 G = Mean time per level.
                   A        B        C        D        E       F      G
               +--------+--------+--------+--------+--------+-----+--------+
         Total |   3570 |   3332 |    238 |    689 |   2082 |   4 |  892.5 |
       Dungeon |   3570 |   3332 |    238 |    689 |   2082 |   4 |  892.5 |
               +--------+--------+--------+--------+--------+-----+--------+

Top non-repeatable levels by time:
     D:3: 1526 daAuts
     D:2: 782 daAuts
     D:1: 721 daAuts
     D:4: 540 daAuts
